cohdb
Replays
Latest Replays
All Replays
Popular Replays
Top Player Replays
Match Explorer
How It Works
Community
CoH3 Stats
Reddit
Sign in to upload your games and track your stats! →
Sign in with Steam
Match 43253183
Unlisted
Match 43253183
Overview
Messages
Build Orders
End
Construct Section Command Post
Selects Canadian Shock Battlegroup
Dingo Light Scout Car
Infantry Section
Infantry Section
Vickers Machine Gun Team
Selects Offensive Resupply
Selects Canadian Shock Section
Construct Platoon Command Post
Humber Armored Car
CMP 15cwt Truck
Forward Retreat Point
6-pounder Anti-tank Gun Team
Selects Incendiary Munitions
Unlock M3 Stuart Light Tanks
Grenade Package
M3 Stuart Light Tank
M3 Stuart Light Tank
Royal Engineer Section
Construct Company Command Post
Canadian Shock Section
Selects Pyrotechnics
Crusader II Medium Tank
Crusader II Medium Tank
Selects Churchill Crocodile Heavy Tank
MorrieBombastic
LowPrioWarrior
Phoenix0928
Moltke1871
0
0
Comments
sign in to comment!
No comments posted yet!